 Dungeon Crawl Stone Soup version 0.28-a0-563-gf77a47075d (webtiles) character file.

Game seed: 5595457022262932562

22 iamoutofideas the Grasshopper (level 2, -1/26 HPs)
             Began as a Gnoll Warper on Sept 30, 2021.
             Slain by Natasha (7 damage)
             ... on level 2 of the Dungeon.
             The game lasted 00:00:58 (1143 turns).

iamoutofideas the Grasshopper (Gnoll Warper)        Turns: 1143, Time: 00:00:59

Health: -1/26      AC:  3    Str: 10    XL:     2   Next: 91%
Magic:  7/7        EV: 12    Int: 12    God:
Gold:   84         SH:  0    Dex: 11    Spells: 10/10 levels left

rFire   . . .      SeeInvis .   a - +0 hand axe
rCold   . . .      Faith    .   (no shield)
rNeg    . . .      Spirit   .   b - +0 leather armour
rPois   .          Reflect  .   (no helmet)
rElec   .          Harm     .   (no cloak)
rCorr   .          Rampage  .   (no gloves)
Will    .....                   (no boots)
Stlth   +.........              (no amulet)
HPRegen 0.08/turn               (no ring)
MPRegen 0.10/turn               (no ring)

@: mighty
A: fangs 1, strong nose, distributed training
a: no special abilities


You were on level 2 of the Dungeon.
You visited 1 branch of the dungeon, and saw 2 of its levels.

You collected 84 gold pieces.

Inventory:

Hand Weapons
 a - a +0 hand axe (weapon)
Missiles
 d - 5 boomerangs of dispersal (quivered)
Armour
 b - a +0 leather armour (worn)
Magical Staves
 i - a staff of fire
Jewellery
 h - a ring of magical power
Scrolls
 c - a scroll of blinking
 e - 3 scrolls of identify {unknown}
Potions
 g - a potion of might


   Skills:
 + Level 4.5 Fighting
 + Level 0.5 Short Blades
 + Level 0.5 Long Blades
 + Level 4.5 Axes
 + Level 0.5 Maces & Flails
 + Level 0.5 Polearms
 + Level 0.5 Staves
 + Level 0.5 Slings
 + Level 0.5 Bows
 + Level 0.5 Crossbows
 + Level 2.5 Throwing
 + Level 2.5 Armour
 + Level 4.5 Dodging
 + Level 0.5 Stealth
 + Level 0.5 Shields
 + Level 0.5 Unarmed Combat
 + Level 4.9 Spellcasting
 + Level 0.4 Conjurations
 + Level 0.4 Hexes
 + Level 0.4 Summonings
 + Level 0.4 Necromancy
 + Level 5.4 Translocations
 + Level 0.4 Transmutations
 + Level 0.4 Fire Magic
 + Level 0.4 Ice Magic
 + Level 0.4 Air Magic
 + Level 0.4 Earth Magic
 + Level 0.4 Poison Magic
 + Level 0.7 Invocations
 + Level 0.5 Evocations


You had 10 spell levels left.
You didn't know any spells.
Your spell library contained the following spells:

 Spells                   Type           Power      Damage    Failure   Level
 Blink                    Tloc           N/A        N/A       4%          2
 Gell's Gravitas          Tloc           7%         N/A       9%          3
 Lesser Beckoning         Tloc           15%        N/A       9%          3
 Teleport Other           Tloc           15%        N/A       9%          3
 Manifold Assault         Tloc           15%        N/A       63%         5


Dungeon Overview and Level Annotations

Branches:
Dungeon (2/15)

Altars:

Shops:
D:1 (

Annotations:
D:2 Natasha


Innate Abilities, Weirdness & Mutations

You have very sharp teeth.
Your uncanny sense of smell can sniff out nearby items.
Your experience applies equally to all skills.


Message History

You hit the shadow imp but do no damage.
The shadow imp closely misses you. Natasha claws you. The shadow imp hits you.
Natasha closely misses you. The shadow imp barely misses you.
Natasha claws you! The shadow imp barely misses you.
Natasha claws you but does no damage.
Natasha mumbles some strange words.
Natasha howls an incantation.
Natasha shimmers violently.
The shadow imp hits you but does no damage.
You hit the shadow imp.
The shadow imp is lightly wounded.
The shadow imp disappears in a puff of smoke!
Natasha closely misses you.
The shadow imp shouts, "Quit, thou yeasty pigeon-egg bladder!"
You hit Natasha.
Natasha is moderately wounded.
Natasha stares at you and mumbles some strange words.
You feel as though you will be slow longer.
Natasha closely misses you.
You barely miss Natasha.
Natasha is moderately wounded.
Natasha claws you.
* * * LOW HITPOINT WARNING * * *
Natasha claws you.
* * * LOW HITPOINT WARNING * * *
Sorry, you're not good enough to have a special ability.
Unknown command.
It was a potion of cancellation.
Your magical effects are unravelling.
You feel magically purged.
You feel yourself speed up. Natasha closely misses you.
It was a potion of might.
You feel very mighty all of a sudden. Natasha claws you but does no damage.
You completely miss Natasha.
Natasha is moderately wounded.
Natasha claws you!
You die...

#.# ######.# .#
#......## .# #
#........ .. ..
#....... . ...
#......# .#.#..
#......#######......
#......'@h5.!.......
#......####....#.##
######.####.)..#
####.........<...
###......##.#..#.##
#........##.#....#
+.................
#........##.#......
#....†...##.#......


You could see Natasha and a shadow imp (summoned).

Vanquished Creatures
  A dart slug (D:1)
  A bat (D:1)
  An endoplasm (D:1)
  2 hobgoblins (D:1)
  6 kobolds
  A quokka (D:2)
  3 ball pythons (D:1)
  A frilled lizard (D:1)
  2 goblins (D:1)
18 creatures vanquished.

Notes
Turn   | Place    | Note
-------+----------+-------------------------------------------
     0 | D:1      | iamoutofideas the Gnoll Warper began the quest for the Orb.
     0 | D:1      | Reached XP level 1. HP: 20/20 MP: 6/6
    13 | D:1      | Found Tiofove's Antique Weapon Emporium.
   293 | D:1      | Reached XP level 2. HP: 15/26 MP: 7/7
  1126 | D:2      | Noticed Natasha
  1143 | D:2      | Slain by Natasha

Illustrated notes

Levels and vault maps discovered:
D:1:      lemuel_arrival_hallway, layout_basic, serial_shops,
          nicolae_shop_statue_plus
D:2:      layout_basic, basic_altar, amcnicky_mini_pool_small,
          small_statue_intersection, uniq_natasha

Action                   || total
-------------------------++-------
Melee: Hand axe          ||    76
       Bite              ||     5
  Use: Potion            ||     2
Armor: Leather armour    ||    16
Dodge: Dodged            ||    48

Table legend: (Time is in decaauts)
 A = Elapsed time spent in this place.
 B = Non-inter-level travel time spent in this place.
 C = Inter-level travel time spent in this place.
 D = Time resting spent in this place.
 E = Time spent auto-exploring this place.
 F = Levels seen in this place.
 G = Mean time per level.
                   A        B        C        D        E       F      G
               +--------+--------+--------+--------+--------+-----+--------+
         Total |   1155 |   1124 |     31 |    133 |    803 |   2 |  577.5 |
       Dungeon |   1155 |   1124 |     31 |    133 |    803 |   2 |  577.5 |
               +--------+--------+--------+--------+--------+-----+--------+

Top non-repeatable levels by time:
     D:1: 1102 daAuts
     D:2: 52 daAuts
